 Dungeon Crawl Stone Soup version 0.31.0-12-g77e489cdc1 (webtiles) character file.

Game seed: 14145909313025042021

2557 hawla the Mimic (level 9, 0/47 HPs)
             Began as a Deep Elf Fire Elementalist on Feb 11, 2024.
             Slain by a komodo dragon (16 damage)
             ... on level 7 of the Dungeon.
             The game lasted 00:19:47 (8982 turns).

hawla the Mimic (Deep Elf Fire Elementalist)        Turns: 8982, Time: 00:19:47

Health: 0/47       AC:  1    Str:  5    XL:     9   Next: 31%
Magic:  0/15       EV: 14    Int: 25    God:
Gold:   939        SH:  0    Dex: 15    Spells: 4/14 levels left

rFire   + . .        i - staff of fire
rCold   . . .        (no shield)
rNeg    + . .        a - melded +1 robe
rPois   .            (no helmet)
rElec   .            (no cloak)
rCorr   .            m - +0 pair of gloves
SInv    .            (no boots)
Will    .....        d - amulet of guardian spirit
Stlth   +            h - ring of flight
HPRegen 0.27/turn    j - ring of positive energy
MPRegen 0.14/turn

%: guardian spirit
@: maw-form, silenced, flying, very slightly contaminated
A: devouring maw
a: Begin Untransformation


You were on level 7 of the Dungeon.
You were a creature with a mouth for a stomach.
You visited 1 branch of the dungeon, and saw 7 of its levels.

You collected 939 gold pieces.

Inventory:

Armour
 a - a +1 robe (melded)
 m - a +0 pair of gloves (worn)
Magical Staves
 i - a staff of fire (weapon)
Jewellery
 d - an amulet of guardian spirit (around neck)
 h - a ring of flight (left hand)
 j - a ring of positive energy (right hand)
 p - a ring of protection from cold
Talismans
 b - a maw talisman (active)
Scrolls
 e - a scroll of enchant armour
 f - a scroll of identify
 g - a scroll of fog
 n - 2 scrolls of enchant weapon
Potions
 c - 2 potions of might
 k - 2 potions of haste
 l - a potion of brilliance {unknown}
 o - a potion of cancellation
 q - 2 potions of curing
 r - a potion of enlightenment


   Skills:
 - Level 1.0 Fighting
 - Level 5.0 Dodging
 - Level 3.0 Stealth
 - Level 3.0 Spellcasting
 - Level 3.0 Conjurations
 - Level 6.0 Fire Magic
 + Level 0.0 Earth Magic
 - Level 4.0 Evocations
 - Level 10.0 Shapeshifting


You had 4 spell levels left.
You knew the following spells:

 Your Spells              Type           Power      Damage    Failure   Level
a - Foxfire               Conj/Fire      100%       2x1d9     1%          1
b - Scorch                Fire           100%       2d9       1%          2
c - Flame Wave            Conj/Fire      39%        2d11      16%         4
d - Stone Arrow           Conj/Erth      22%        3d8       16%         3

Your spell library contained the following spells:

 Spells                   Type           Power      Damage    Failure   Level
 Sting                    Conj/Alch      44%        1d5       5%          1
 Inner Flame              Hex/Fire       28%        N/A       9%          3
 Volatile Blastmotes      Fire/Tloc      56%        2d14      9%          3
 Sandblast                Erth           6%         2d5       10%         1
 Mercury Vapours          Alch/Air       6%         N/A       16%         2
 Ozocubu's Armour         Ice            3%         N/A       30%         3
 Olgreb's Toxic Radiance  Alch           3%         N/A       69%         4
 Metabolic Englaciation   Hex/Ice        1%         N/A       95%         5
 Sculpt Simulacrum        Ice/Alch       1%         N/A       100%        6
 Lehudib's Crystal Spear  Conj/Erth      5%         10d3      100%        8


Dungeon Overview and Level Annotations

Branches:
Dungeon (7/15)
 Temple: D:4-7

Altars:
Dithmenos
Gozag
Kikubaaqudgha
Makhleb
Qazlal
Ru
Xom

Annotations:
D:5 3 runed translucent doors, Iviq's ghost, novice NaHu


Message History

You feel a surge of power!
You conjure some foxfire!
Casting: Foxfire (safe; 1% risk of failure)
Confirm with . or Enter, or press ? or * to list all spells.
You feel a surge of power!
Flames lash the hound.
The hound is lightly wounded.
The hound's fire resistance burns away.
The foxfire hits the hound!
The hound is burned terribly!
The hound is severely wounded.
The foxfire hits the hound.
The hound is burned terribly!
You kill the hound!
Training target 10.0 for Shapeshifting reached!
Your Shapeshifting skill increases to level 10!
You need to enable at least one skill for training.
Casting: Scorch (safe; 1% risk of failure)
Confirm with . or Enter, or press ? or * to list all spells.
Aiming: Stone Arrow (dangerous; 16% risk of failure)
Press: ? - help, Shift-Dir - straight line, f - komodo dragon
Aim: a komodo dragon (77% to hit)
The stone arrow hits the komodo dragon!
The komodo dragon is moderately wounded.
Casting: Stone Arrow (dangerous; 16% risk of failure)
Confirm with . or Enter, or press ? or * to list all spells.
Aiming: Stone Arrow (dangerous; 16% risk of failure)
Press: ? - help, Shift-Dir - straight line, f/p - komodo dragon
Aim: a komodo dragon (moderately wounded, 77% to hit)
The stone arrow hits the komodo dragon!
The komodo dragon is severely wounded.
Casting: Stone Arrow (dangerous; 16% risk of failure)
Confirm with . or Enter, or press ? or * to list all spells.
Casting: Flame Wave (quite dangerous; 16% risk of failure)
Press: ? - help, Dir - look around, f - activate You feel a surge of power!
You miscast Flame Wave.
You are very lightly contaminated with residual magic.
You are caught in a fiery explosion.
You resist. The komodo dragon bites you!!
Ouch! That really hurt!
Unknown command.
As you read the scroll labelled PARUEF FOAXZU, it crumbles to dust.
A profound silence engulfs you.
It was a scroll of silence.
The komodo dragon bites you!
You die...

.#. §§§.. ..#
.§...
#.##..... #
..#......
#.###........
#............
#...l.......
#.W..Y....
##..†.....
.........
#.........
#......##.
#...#..#
#..##### ...#


You could see a komodo dragon and a sky beast.

Vanquished Creatures
  A steam dragon (D:6)
  3 sky beasts
  An ogre (D:4)
  A bullfrog (D:7)
  A kobold brigand (D:6)
  A gnoll sergeant (D:3)
  2 scorpions
  4 killer bees
  4 howler monkeys (D:3)
  4 bombardier beetles
  7 hounds
  An orc priest (D:3)
  3 jellies
  3 gnoll boudas (D:3)
  3 iguanas
  6 orc wizards
  3 sleepcaps
  8 adders
  31 gnolls
  3 shadow imps
  2 white imps
  2 ufetubi (D:5)
  3 dart slugs
  26 orcs
  6 bats
  13 endoplasms
  5 giant cockroaches
  7 goblins
  8 hobgoblins
  9 jackals (D:3)
  2 quokkas (D:4)
  8 ball pythons
  7 frilled lizards
  13 kobolds
  7 rats
208 creatures vanquished.

Vanquished Creatures (others)
  404 foxfires
404 creatures vanquished.

Grand Total: 612 creatures vanquished

Notes
Turn   | Place    | Note
-------+----------+-------------------------------------------
     0 | D:1      | hawla the Deep Elf Fire Elementalist began the quest for
                  | the Orb.
     0 | D:1      | Reached XP level 1. HP: 10/10 MP: 6/6
    81 | D:1      | Reached skill level 1 in Fighting
   136 | D:1      | Reached XP level 2. HP: 16/16 MP: 4/8
   414 | D:1      | Learned a level 2 spell: Scorch
  1132 | D:2      | Reached XP level 3. HP: 20/20 MP: 5/9
  1321 | D:2      | Reached XP level 4. HP: 25/25 MP: 7/10
  2165 | D:3      | Identified a scroll of acquirement
  2165 | D:3      | Acquired 512 gold pieces
  2303 | D:3      | Reached XP level 5. HP: 29/29 MP: 6/11
  2353 | D:3      | Reached skill level 5 in Dodging
  2360 | D:3      | Reached skill level 1 in Evocations
  2857 | D:3      | Reached XP level 6. HP: 34/34 MP: 7/12
  3446 | D:3      | Found a burning altar of Makhleb.
  3577 | D:3      | Reached skill level 5 in Fire Magic
  3693 | D:3      | Reached XP level 7. HP: 38/38 MP: 4/13
  3912 | D:3      | HP: 1/38 [gnoll/+0 club (2)]
  3914 | D:3      | Reached skill level 1 in Shapeshifting
  4111 | D:3      | Reached skill level 2 in Shapeshifting
  4202 | D:3      | Reached skill level 3 in Shapeshifting
  4617 | D:4      | Reached skill level 4 in Shapeshifting
  4638 | D:4      | Reached XP level 8. HP: 28/43 MP: 0/14
  4825 | D:4      | Learned a level 4 spell: Flame Wave
  4869 | D:4      | Reached skill level 5 in Shapeshifting
  5351 | D:5      | Entered Level 5 of the Dungeon
  5404 | D:5      | Found a runed translucent gate.
  5405 | D:5      | Found a runed translucent gate.
  5406 | D:5      | Found a runed translucent gate.
  5409 | D:5      | Noticed Iviq's ghost (novice NaHu)
  5498 | D:5      | Got the Monograph on the Flinty Tropics
  5544 | D:5      | Found an opulent altar of Gozag.
  5558 | D:5      | Learned a level 3 spell: Stone Arrow
  5668 | D:5      | Found an ancient bone altar of Kikubaaqudgha.
  5718 | D:5      | Reached skill level 6 in Shapeshifting
  5964 | D:5      | Found a glowing drain.
  6352 | D:5      | Found a sacrificial altar of Ru.
  6454 | D:5      | Reached skill level 7 in Shapeshifting
  6862 | D:6      | Found a shimmering altar of Xom.
  7507 | D:6      | Reached skill level 8 in Shapeshifting
  7791 | D:6      | Found a stormy altar of Qazlal.
  7893 | D:6      | Reached XP level 9. HP: 40/47 MP: 3/15
  8266 | D:6      | Reached skill level 9 in Shapeshifting
  8976 | D:7      | Noticed a komodo dragon
  8976 | D:7      | Found a shadowy altar of Dithmenos.
  8979 | D:7      | Reached skill level 10 in Shapeshifting
  8982 | D:7      | Slain by a komodo dragon

Illustrated notes

Levels and vault maps discovered:
D:1:      lordsloth_arrival_two_stooges, layout_basic, serial_rivers,
          chequers_serial_rivers_micro_b, chequers_serial_rivers_micro_b,
          chequers_serial_rivers_micro_c, chequers_serial_rivers_micro_b,
          chequers_serial_rivers_large_a, grunt_decor_one_mirror, minivault_25,
          nicolae_concentric_dashed_squares_wild
D:2:      layout_basic, hangedman_feature_mirror, minmay_3d_cube
D:3:      lemuel_castle_with_subvaults [lemuel_castle_interior_carwin_3],
          layout_basic, lightli_temple_of_fire
D:4:      layout_gridville
D:5:      layout_loops_cross, mainiacjoe_overflow_24_doors,
          nicolae_ru_the_path_less_chosen, marbit_many_paths,
          biasface_ghost_orc_armoury, portal_sewer_entry_d
D:6:      layout_basic, regret_index_xom_of_box, kennysheep_mini, billiards_dpeg
D:7:      layout_cave_pools, grunt_dithmenos_smoke,
          minmay_temple_entry_glassed_door, serial_shops, nicolae_shop_stone,
          hangedman_decor_growths, minmay_microvault

Skill      XL: |  1  2  3  4  5  6  7  8  9 |
---------------+----------------------------+-----
Fighting       | 1 |  1.0
Stealth        | 3 |  3.0
Conjurations   | 2 3 |  3.0
Dodging        | 3 4 5 |  5.0
Evocations     | 3 4 |  4.0
Fire Magic     | 5 6 |  6.0
Shapeshifting  | 4 8 10 | 10.0
Spellcasting   | |  3.0

Action                     |  1- 3 |  4- 6 |  7- 9 || total
---------------------------+-------+-------+-------++-------
  Melee: Unarmed           |     5 |     1 |       ||     6
         Staff             |       |    29 |    73 ||   102
         Punch             |       |       |     5 ||     5
         Maw               |       |       |     3 ||     3
   Cast: Foxfire           |    46 |    76 |   109 ||   231
         Scorch            |     5 |    36 |    77 ||   118
         Stone Arrow       |       |       |     8 ||     8
         Flame Wave        |       |       |     6 ||     6
    Use: Scroll            |     3 |     9 |     7 ||    19
         Potion            |     1 |     3 |     4 ||     8
   Stab: Sleeping          |       |     1 |     3 ||     4
 Armour: Robe              |     6 |    39 |    72 ||   117
         Skin              |       |       |    36 ||    36
  Dodge: Dodged            |     8 |    50 |   113 ||   171
   Form: Maw               |       |       |     1 ||     1
